 Dungeon Sprint DCSS version 0.21-a0-414-gba8bdf1 (webtiles) character file.

1530 Kidiri the Thaumaturge (level 8, -11/92 HPs)
             Began as a Purple Draconian Transmuter on Nov 2, 2017.
             Was a High Priest of Wu Jian.
             Mangled by a phantasmal warrior (36 damage)
             ... in the Dungeon (Sprint VII: "The Pits").
             The game lasted 00:05:41 (1393 turns).

Kidiri the Thaumaturge (DrTm)                       Turns: 1393, Time: 00:05:41

Health: -11/92     AC:  6    Str: 13      XL:     8   Next: 55%
Magic:  14/21      EV: 15    Int: 16      God:    Wu Jian [*****.]
Gold:   0          SH:  0    Dex: 16 (17) Spells: 10/25 levels left

rFire    x . .     SeeInvis .     - Unarmed
rCold    + + +     Gourm    .   (shield currently unavailable)
rNeg     . . .     Faith    .   (armour unavailable)
rPois    +         Spirit   .   (helmet currently unavailable)
rElec    .         Reflect  .   (cloak currently unavailable)
rCorr    .         Harm     .   (gloves currently unavailable)
MR       .....     Clarity  +   (boots currently unavailable) Stlth +++.......NoTele +
                                (no amulet)
HPRegen  0.00/turn              b - +3 ring of dexterity
MPRegen  0.17/turn              r - +3 ring of intelligence

@: ice-form, vulnerable
A: (breathe power), unfitting armour, clarity, deterioration 1, inhibited
regeneration, AC +6
a: End Transformation, Serpent's Lash, Heavenly Storm, Renounce Religion


You were in the Dungeon.
You worshipped Wu Jian.
Wu Jian was extremely pleased with you.
You were very full.
You were a creature of crystalline ice.
You visited 1 branch

Inventory:

Missiles
 a - 11 arrows
 p - 14 stones (quivered)
Armour
 v - a +0 pair of gloves (melded)
Jewellery
 b - a +3 ring of dexterity (left front paw)
 r - a +3 ring of intelligence (right front paw)
Scrolls
 i - a scroll of blinking
 k - 3 scrolls of remove curse
 l - 5 scrolls of amnesia
 m - a scroll of summoning
Potions
 d - 7 potions of curing
 e - 8 potions of heal wounds
 f - 2 potions of haste
 g - 4 potions of magic
 h - 3 potions of berserk rage
 j - 2 potions of invisibility
 t - a potion of brilliance
 u - a potion of resistance
Comestibles
 c - 8 bread rations
 n - 29 fruits
 o - 7 meat rations


   Skills:
 * Level 8.9 Fighting
 * Level 7.8 Dodging
 + Level 5.4 Stealth
 * Level 8.6 Unarmed Combat
 * Level 9.2 Spellcasting
 + Level 5.9 Transmutations
 + Level 4.7 Ice Magic
 + Level 4.7 Poison Magic


You had 10 spell levels left.
You knew the following spells:

 Your Spells              Type           Power        Failure   Level  Hunger
a - Beastly Appendage     Tmut           ####..       1%          1    None
b - Sticks to Snakes      Tmut           ####....     1%          2    None
c - Spider Form           Tmut/Pois      ###.......   3%          3    #......
d - Ice Form              Ice/Tmut       ###.....     11%         4    ###....
e - Blade Hands           Tmut           ####......   24%         5    #####..


Dungeon Overview and Level Annotations

Branches:
Dungeon (1/1)

Altars:
Ashenzari
Cheibriados
Dithmenos
Elyvilon
Fedhas
Gozag
Hepliaklqana
Kikubaaqudgha
Makhleb
Nemelex Xobeh
Okawaru
Qazlal
Ru
Sif Muna
Trog
Uskayaw
Vehumet
Wu Jian
Xom
Yredelemnul
Zin
The Shining One
Beogh
Jiyva
Lugonu

Annotations:
D exclusions: 4 doors and 4 more exclusions


Innate Abilities, Weirdness & Mutations

((You can breathe bolts of dispelling energy.))
((Your rich purple scales are hard. (AC +6)))
You cannot fit into any form of body armour.
((You are cold-blooded and may be slowed by cold attacks.))
You possess an exceptional clarity of mind.
Your body sometimes deteriorates upon taking damage.
You do not regenerate when monsters are visible.


Message History

* * * LOW HITPOINT WARNING * * *
Unknown command.
You spin and attack the phantasmal warrior.
You hit the phantasmal warrior.
The phantasmal warrior is severely damaged.
You have got your breath back.
The phantasmal warrior hits you!
* * * LOW HITPOINT WARNING * * *
Unknown command.
You feel much better.
The phantasmal warrior barely misses you.
Casting: Blade Hands
Confirm with . or Enter, or press ? or * to list all spells.
You turn into a creature of crystalline ice.
Your +0 pair of gloves melds into your body.
The phantasmal warrior hits you!!
* * * LOW HITPOINT WARNING * * *
Unknown command.
You feel much better. The phantasmal warrior hits you!!!
You die...

÷.#[[##................#
..#))#####+#####''######
###))##.......##''### ##
..#))##.......##....# ..+
.÷#..##.......##...##...#
+##+###...<...##..##..§#
....)##.......##..#...#
.....##.......##.W+..#
#######.......##Y##..#
..#.:############# ..+
..#.########### .#
..#÷#....#..[.# .#
..#+#....#..[[# .
..#.+%...+..))# ..
..#+#....#..))#
..+.#....#..))#
###############


You could see a phantasmal warrior.

Vanquished Creatures
  An ice devil (D)
  A rime drake (D)
  A polar bear (D)
  A hornet (D)
  A redback (D)
  3 floating eyes (D)
  A quasit (D)
  A jelly (D)
  A gnoll shaman (D)
  A worker ant (D)
  4 gnolls (D)
  An ufetubus (D)
  An ooze (D)
  An adder skeleton (D)
  A leopard gecko (D)
  6 jackals (D)
  A quokka (D)
  2 frilled lizards (D)
  A rat (D)
30 creatures vanquished.

Vanquished Creatures (collateral kills)
  2 jackals (D)
  A kobold (D)
3 creatures vanquished.

Grand Total: 33 creatures vanquished

Notes
Turn   | Place    | Note
-------+----------+-------------------------------------------
     0 | D        | Kidiri the Draconian Transmuter began the quest for the Orb.
     0 | D        | Reached XP level 1. HP: 16/16 MP: 3/3
    21 | D        | Reached skill level 1 in Stealth
    21 | D        | Reached XP level 2. HP: 16/24 MP: 2/5
    60 | D        | Found a bloodstained altar of Trog.
    60 | D        | Found a deep blue altar of Sif Muna.
    60 | D        | Found a viscous altar of Jiyva.
    60 | D        | Found a hazy altar of Hepliaklqana.
    60 | D        | Found an opulent altar of Gozag.
    61 | D        | Found a glowing golden altar of the Shining One.
    61 | D        | Found a glowing silver altar of Zin.
    61 | D        | Found a basalt altar of Yredelemnul.
    61 | D        | Found a shimmering altar of Xom.
    61 | D        | Found an ornate altar of the Wu Jian Council.
    61 | D        | Found a sacrificial altar of Ru.
    61 | D        | Found a stormy altar of Qazlal.
    61 | D        | Found an iron altar of Okawaru.
    61 | D        | Found a sparkling altar of Nemelex Xobeh.
    61 | D        | Found a burning altar of Makhleb.
    61 | D        | Found a blossoming altar of Fedhas.
    61 | D        | Found a white marble altar of Elyvilon.
    61 | D        | Found a shadowy altar of Dithmenos.
    61 | D        | Found a snail-covered altar of Cheibriados.
    63 | D        | Found a radiant altar of Vehumet.
    63 | D        | Found a corrupted altar of Lugonu.
    63 | D        | Found a roughly hewn altar of Beogh.
    64 | D        | Found a hide-covered altar of Uskayaw.
    64 | D        | Found an ancient bone altar of Kikubaaqudgha.
    64 | D        | Found a shattered altar of Ashenzari.
    70 | D        | Became a worshipper of the Wu Jian Council
   123 | D        | Learned a level 2 spell: Sticks to Snakes
   146 | D        | Reached * piety under Wu Jian
   166 | D        | Reached ** piety under Wu Jian
   171 | D        | Reached skill level 3 in Spellcasting
   175 | D        | Reached *** piety under Wu Jian
   247 | D        | Noticed a floating eye
   253 | D        | Paralysed by a floating eye for 3 turns
   258 | D        | Killed a floating eye
   258 | D        | Reached skill level 5 in Unarmed Combat
   258 | D        | Reached skill level 4 in Spellcasting
   258 | D        | Reached XP level 3. HP: 34/34 MP: 6/8
   258 | D        | Reached XP level 4. HP: 41/41 MP: 7/10
   263 | D        | Learned a level 3 spell: Spider Form
   268 | D        | Learned a level 4 spell: Ice Form
   286 | D        | Noticed a floating eye
   295 | D        | Killed a floating eye
   295 | D        | Reached skill level 5 in Fighting
   295 | D        | Reached skill level 5 in Dodging
   295 | D        | Reached skill level 5 in Spellcasting
   295 | D        | Reached skill level 1 in Ice Magic
   295 | D        | Reached skill level 1 in Poison Magic
   295 | D        | Reached XP level 5. HP: 50/50 MP: 8/12
   296 | D        | Reached **** piety under Wu Jian
   298 | D        | Reached XP level 6. HP: 53/57 MP: 8/13
   300 | D        | Noticed a floating eye
   307 | D        | Killed a floating eye
   327 | D        | Learned a level 5 spell: Blade Hands
   515 | D        | Noticed a polar bear
   520 | D        | Killed a polar bear
   520 | D        | Reached ***** piety under Wu Jian
   520 | D        | Reached skill level 6 in Spellcasting
   520 | D        | Reached skill level 5 in Transmutations
   520 | D        | Your scales start taking on a rich purple colour.
   520 | D        | Reached skill level 7 in Spellcasting
   520 | D        | Reached XP level 7. HP: 66/66 MP: 12/18
   901 | D        | Noticed a redback
   901 | D        | Noticed an ice devil
   905 | D        | Killed a redback
   905 | D        | Reached skill level 8 in Spellcasting
   910 | D        | Killed an ice devil
   910 | D        | Reached skill level 5 in Stealth
   910 | D        | Reached XP level 8. HP: 18/74 MP: 14/20
   959 | D        | Gained mutation: Your body sometimes deteriorates upon taking damage. [potion of mutation]
   959 | D        | Gained mutation: You do not regenerate when monsters are visible. [potion of mutation]
   959 | D        | Gained mutation: You possess an exceptional clarity of mind. [potion of mutation]
  1164 | D        | Noticed a rime drake
  1165 | D        | Noticed a hornet
  1172 | D        | Killed a hornet
  1180 | D        | Killed a rime drake
  1180 | D        | Reached skill level 9 in Spellcasting
  1375 | D        | Noticed a phantasmal warrior
  1390 | D        | HP: 1/77 [phantasmal warrior (11)]
  1393 | D        | Mangled by a phantasmal warrior

Vault maps used:
D:        pitsprint

Skill      XL: |  1  2  3  4  5  6  7  8 |
---------------+-------------------------+-----
Fighting       | 2 4 5 6 7 8 |  8.9
Dodging        | 2 4 5 6 7 |  7.8
Stealth        | 1 2 3 4 5 |  5.4
Spellcasting   | 4 5 7 8 9 |  9.2
Unarmed Combat | 5 6 7 8 |  8.6
Transmutations | 3 4 5 |  5.9
Ice Magic      | 1 3 4 |  4.7
Poison Magic   | 1 3 4 |  4.7

Action                   |  1- 3 |  4- 6 |  7- 9 || total
-------------------------+-------+-------+-------++-------
Melee: Unarmed           |    38 |    25 |    37 ||   100
       Kick              |     7 |       |       ||     7
       Tailslap          |     7 |     2 |     3 ||    12
       Punch             |     1 |       |     2 ||     3
 Cast: Beastly Appendage |     5 |       |       ||     5
       Sticks to Snakes  |     1 |       |       ||     1
       Spider Form       |       |     1 |     1 ||     2
       Blade Hands       |       |     1 |     3 ||     4
       Ice Form          |       |       |     1 ||     1
Invok: Heavenly Storm    |       |       |     1 ||     1
 Abil: Breathe Dispellin |       |       |     1 ||     1
  Use: Potion            |       |       |     5 ||     5
 Stab: Distracted        |     1 |       |       ||     1
       Sleeping          |       |     2 |     1 ||     3
  Eat: Chunk             |       |       |     3 ||     3
       Fruit             |       |       |    11 ||    11
Armor: Skin              |     9 |     5 |     7 ||    21
Dodge: Dodged            |    23 |    29 |    20 ||    72

Table legend:
 A = Spawn XP
 B = Non-spawn XP
 C = Spawn XP percentage of total XP
 D = Spawn monster count
 E = Non-spawn monster count
 F = Spawn count percentage of total count
 G = Total turns spent on level
                    A         B        C        D         E        F      G
               +---------+---------+-------+---------+---------+-------+---------
         Total |       0 |    2186 |   0.0 |       0 |      33 |   0.0 |  1393
               +---------+---------+-------+---------+---------+-------+---------
             D |       0 |    2186 |   0.0 |       0 |      33 |   0.0 |  1393
               +---------+---------+-------+---------+---------+-------+---------
